[Event "Titled Tuesday Blitz August 09 Early 2022"]
[White "Djokic, Mihailo"]
[Black "Livaic, Leon"]
[WhiteFideId "976440"]
[BlackFideId "14531534"]
[WhiteElo "2676"]
[BlackElo "2876"]
[Result "1-0"]
[Round "03"]
[TimeControl "180+1"]
[Date "2022.08.09"]
[WhiteClock "0:01:03"]
[BlackClock "0:00:40"]

1. e4 e6 2. d4 d5 3. Nc3 Bb4 4. e5 c5 5. a3 Bxc3+ 6. bxc3 Ne7 7. h4 Nbc6 8. h5 h6 9. Nf3 Qa5 10. Bd2 Qa4 11. Rh4 c4 12. Be2 Bd7 13. Kf1 O-O-O 14. Kg1 f6 15. Rg4 Nf5 16. exf6 gxf6 17. Rg6 Rdf8 18. g4 Nfe7 19. Rxh6 Rhg8 20. Nh4 e5 21. Be3 Rf7 22. Ng6 Nxg6 23. hxg6 Rfg7 24. dxe5 Rxg6 25. Qxd5 Rxh6 26. Qxg8+ Kc7 27. Bxh6 Nxe5 28. Bf4 Qxc2 29. Bxe5+ fxe5 30. Qxc4+ Bc6 31. Rd1 Qh7 32. Bf3 e4 33. Bxe4 Qxe4 34. Qxe4 Bxe4 35. Rd4 Bf3 36. Kh2 1-0


[Site "https://www.chess.com"]

[Event "Titled Tuesday Blitz August 09 Early 2022"]
[White "Donchenko, Alexander"]
[Black "Khabinets, Ivan"]
[WhiteFideId "24603295"]
[BlackFideId "14115980"]
[WhiteElo "2572"]
[BlackElo "2114"]
[Result "1-0"]
[Round "03"]
[TimeControl "180+1"]
[Date "2022.08.09"]
[WhiteClock "0:01:52"]
[BlackClock "0:00:27"]

1. Nf3 d5 2. d4 Nf6 3. Bf4 e6 4. e3 Bd6 5. Nbd2 O-O 6. Bd3 b6 7. Qe2 a5 8. h4 Ba6 9. h5 h6 10. O-O-O Bxd3 11. Qxd3 Nc6 12. Kb1 Nb4 13. Qe2 c5 14. c3 Nc6 15. Ne5 Qc7 16. Nxc6 Qxc6 17. g4 cxd4 18. Bxd6 d3 19. Qxd3 Qxd6 20. Rhg1 Nd7 21. g5 Nc5 22. Qd4 e5 23. Qg4 Nd3 24. Qf5 e4 25. f3 g6 26. gxh6 Kh7 27. Qg5 Qe6 28. fxe4 dxe4 29. Rdf1 Rg8 30. Nxe4 gxh5 31. Nf6+ 1-0


[Site "https://www.chess.com"]

[Event "Titled Tuesday Blitz August 09 Early 2022"]
[White "Dubov, Daniil"]
[Black "Costachi, Mihnea"]
[WhiteFideId "24126055"]
[BlackFideId "1217518"]
[WhiteElo "2993"]
[BlackElo "2706"]
[Result "1-0"]
[Round "03"]
[TimeControl "180+1"]
[Date "2022.08.09"]
[WhiteClock "0:00:06"]
[BlackClock "0:00:03"]

1. e4 e5 2. Nf3 Nc6 3. Bb5 a6 4. Ba4 d6 5. c3 Bd7 6. O-O g6 7. Re1 Bg7 8. d3 Nf6 9. Bg5 h6 10. Bh4 O-O 11. Nbd2 b5 12. Bb3 Na5 13. Bc2 c5 14. Nf1 Qc7 15. Ne3 Be6 16. Rc1 Nc6 17. Bb3 Ne7 18. Bxf6 Bxf6 19. Bxe6 fxe6 20. a4 Bg7 21. Ra1 Kh8 22. h4 d5 23. Ng4 Rf4 24. Ngh2 Raf8 25. axb5 axb5 26. Ra6 Qc8 27. Rb6 c4 28. g3 R4f7 29. Rxb5 Qa6 30. dxc4 dxc4 31. Rb4 Nc6 32. Ra4 Qb5 33. Ra2 Rd8 34. Qe2 Bf8 35. Kg2 Bc5 36. b4 Bb6 37. Rd1 Rd3 38. Rad2 Rxc3 39. Rd6 Nd4 40. Nxd4 exd4 41. Qg4 Rf6 42. Ra1 Bc7 43. Ra8+ Kh7 44. Rda6 Qd7 45. R6a7 d3 46. e5 d2 47. exf6 d1=Q 48. Qxd1 Qc6+ 49. Nf3 Rd3 50. Qe2 h5 51. f7 Re3 52. Qxe3 1-0


[Site "https://www.chess.com"]

[Event "Titled Tuesday Blitz August 09 Early 2022"]
[White "Eggleston, Thomas A"]
[Black "Espinosa Veloz, Ermes"]
[WhiteFideId "412139"]
[BlackFideId "3507424"]
[WhiteElo "2155"]
[BlackElo "2333"]
[Result "0-1"]
[Round "03"]
[TimeControl "180+1"]
[Date "2022.08.09"]
[WhiteClock "0:00:04"]
[BlackClock "0:00:42"]

1. e4 e5 2. f4 Nc6 3. Nf3 d5 4. exd5 e4 5. dxc6 exf3 6. Qxf3 b6 7. Nc3 Nf6 8. d4 Bg4 9. Qd3 Bb4 10. Be2 O-O 11. O-O Re8 12. Bxg4 Nxg4 13. h3 Nf6 14. f5 Qd6 15. Bf4 Qxc6 16. Be5 Bxc3 17. bxc3 Rad8 18. Rae1 b5 19. Re2 Nd5 20. Rf3 f6 21. Bg3 Rxe2 22. Qxe2 Re8 23. Qd2 Qc4 24. a3 Re2 25. Qc1 Nxc3 26. Kh1 Nd5 27. Rf2 Re3 28. Kh2 Qxd4 29. Rd2 Qc3 30. Bh4 c6 31. Qd1 Qe5+ 32. g3 h6 33. Kg2 Re1 34. Kf2 Rxd1 35. Rxd1 Qe3+ 0-1


[Site "https://www.chess.com"]

[Event "Titled Tuesday Blitz August 09 Early 2022"]
[White "Estrada Nieto, Julian"]
[Black "Sychev, Klementy"]
[WhiteFideId "5101018"]
[BlackFideId "4114060"]
[WhiteElo "2252"]
[BlackElo "2564"]
[Result "0-1"]
[Round "03"]
[TimeControl "180+1"]
[Date "2022.08.09"]
[WhiteClock "0:00:08"]
[BlackClock "0:00:47"]

1. e4 c6 2. d4 d5 3. exd5 cxd5 4. Bd3 Nc6 5. c3 Nf6 6. Bf4 Bg4 7. Qb3 Qd7 8. Nd2 e6 9. Ngf3 Bd6 10. Bxd6 Qxd6 11. O-O O-O 12. Rfe1 Qc7 13. a4 Rab8 14. Ne5 Nxe5 15. Rxe5 Bh5 16. h3 Bg6 17. Bxg6 hxg6 18. Ree1 Rfe8 19. Qd1 Qf4 20. Qe2 g5 21. g3 Qf5 22. Nf3 Ne4 23. Kg2 b6 24. Nd2 Nd6 25. Nf3 f6 26. Rad1 b5 27. axb5 Rxb5 28. Ra1 Re7 29. Ra6 Nc4 30. b4 e5 31. Nd2 Rbb7 32. Nxc4 exd4 33. Qxe7 Rxe7 34. Rxe7 dxc4 35. cxd4 c3 36. Raxa7 Qd5+ 37. Kf1 c2 38. Rxg7+ Kf8 39. Rgc7 c1=Q+ 40. Rxc1 Qh1+ 41. Ke2 Qxc1 42. Ra2 Qc4+ 43. Kf3 Qxa2 0-1


[Site "https://www.chess.com"]

[Event "Titled Tuesday Blitz August 09 Early 2022"]
[White "Eynullayev, Altay"]
[Black "Sjoberg, Isak"]
[WhiteFideId "13413562"]
[BlackFideId "1521640"]
[WhiteElo "2079"]
[BlackElo "2106"]
[Result "1-0"]
[Round "03"]
[TimeControl "180+1"]
[Date "2022.08.09"]
[WhiteClock "0:01:43"]
[BlackClock "0:00:59"]

1. e4 e5 2. Nf3 Nc6 3. Bb5 a6 4. Ba4 Nf6 5. O-O Be7 6. Re1 b5 7. Bb3 O-O 8. a4 b4 9. d4 d6 10. dxe5 Nxe5 11. Nxe5 dxe5 12. Qf3 Bc5 13. Nd2 Qe7 14. Bc4 Bb7 15. Nb3 Bb6 16. a5 Ba7 17. Bg5 Rad8 18. Bxf6 Qxf6 19. Qxf6 gxf6 20. Kf1 Kg7 21. f3 f5 22. exf5 Kf6 23. Rad1 h5 24. Ke2 Rxd1 25. Rxd1 Rg8 26. g3 Bc8 27. Nd2 Kxf5 28. Bxf7 Rg7 29. Bxh5 Kg5 30. Be8 Bd4 31. Ne4+ Kf5 32. c3 bxc3 33. bxc3 Ba7 34. Bc6 Be6 35. Bd5 Bd7 36. Bc4 Rh7 37. h4 Rh6 38. Rxd7 1-0


[Site "https://www.chess.com"]

[Event "Titled Tuesday Blitz August 09 Early 2022"]
[White "Eynullayev, Atilla"]
[Black "Rosenberg, Evan S"]
[WhiteFideId "13413570"]
[BlackFideId "2019299"]
[WhiteElo "1936"]
[BlackElo "2416"]
[Result "0-1"]
[Round "03"]
[TimeControl "180+1"]
[Date "2022.08.09"]
[WhiteClock "0:00:26"]
[BlackClock "0:00:15"]

1. d4 Nf6 2. c4 e6 3. Nc3 Bb4 4. e3 O-O 5. Bd3 d5 6. Ne2 b6 7. cxd5 exd5 8. Qc2 Ba6 9. Bxa6 Nxa6 10. Qa4 Qc8 11. O-O c6 12. a3 Bd6 13. Bd2 b5 14. Qc2 Qc7 15. h3 Rac8 16. Rac1 Qd7 17. Qd3 Nc7 18. f3 Rfe8 19. Be1 Ne6 20. Bf2 Ng5 21. h4 Nh3+ 22. gxh3 Qxh3 23. Nf4 Bxf4 24. exf4 Ng4 25. fxg4 Qxd3 26. Kg2 Qg6 27. Kf3 h5 28. g5 Qf5 29. Rfe1 Qh3+ 30. Bg3 Qg4+ 31. Kf2 Re6 32. Re5 Rce8 33. Rce1 f6 34. Rxe6 Rxe6 35. Rxe6 Qxe6 36. Kf3 Qh3 37. Kf2 Qf5 38. Nd1 Qc2+ 39. Ke1 Qe4+ 40. Kd2 Qxd4+ 41. Kc2 c5 42. gxf6 gxf6 43. Nc3 c4 44. Be1 Qd3+ 45. Kc1 a6 46. Nd1 d4 47. Bd2 Qh3 48. Be1 Qf1 49. Kd2 Qxf4+ 50. Kc2 Qe4+ 51. Kd2 f5 52. Nf2 Qf4+ 53. Kd1 Qf3+ 54. Kd2 Qe3+ 55. Kd1 d3 0-1


[Site "https://www.chess.com"]

[Event "Titled Tuesday Blitz August 09 Early 2022"]
[White "Ezat, Mohamed"]
[Black "Bryakin, Mikhail"]
[WhiteFideId "10600906"]
[BlackFideId "4165314"]
[WhiteElo "2386"]
[BlackElo "2353"]
[Result "0-1"]
[Round "03"]
[TimeControl "180+1"]
[Date "2022.08.09"]
[WhiteClock "0:00:01"]
[BlackClock "0:00:07"]

1. d4 f5 2. Nc3 Nf6 3. Bg5 d5 4. Bxf6 exf6 5. e3 c6 6. Bd3 Be6 7. Qf3 g6 8. Nge2 Bd6 9. h3 Nd7 10. g4 fxg4 11. hxg4 Kf7 12. O-O-O Qe7 13. Rh6 Nf8 14. Rdh1 Qd7 15. R1h4 Kg7 16. Nf4 Bxf4 17. Qxf4 Qe7 18. Rh1 Re8 19. Ne2 Bf7 20. Qh2 Kg8 21. Nf4 Qc7 22. Qh3 Re7 23. Nxg6 Nxg6 24. Bxg6 Bxg6 25. Rxg6+ Rg7 26. Rxf6 Qe7 27. Qh6 Rxg4 28. Rf8+ Qxf8 29. Qe6+ Qf7 30. Qxg4+ Qg6 31. Qc8+ Kg7 32. Qxb7+ Kg8 33. Qa8+ Kg7 34. Qxa7+ Kf6 35. Qd7 h5 36. Qxc6+ Kg7 37. Qd7+ Kh6 38. Qxd5 Rc8 39. c3 Rf8 40. f4 Rf5 41. Qe4 Qf7 42. Qf3 Qxa2 43. Qc6+ Kh7 0-1


[Site "https://www.chess.com"]

[Event "Titled Tuesday Blitz August 09 Early 2022"]
[White "Fajdetic, Hrvoje"]
[Black "Toncheva, Nadya"]
[WhiteFideId "14501945"]
[BlackFideId "2924056"]
[WhiteElo "2172"]
[BlackElo "1888"]
[Result "0-1"]
[Round "03"]
[TimeControl "180+1"]
[Date "2022.08.09"]
[WhiteClock "0:01:27"]
[BlackClock "0:01:39"]

1. b3 c5 2. Bb2 Nc6 3. f4 d6 4. Nf3 e6 5. e4 Nf6 6. d3 Be7 7. Be2 O-O 8. O-O b6 9. Qe1 Bb7 10. Nbd2 d5 11. e5 Ng4 12. Bd1 d4 13. Nc4 b5 14. h3 bxc4 15. hxg4 cxd3 16. cxd3 Nb4 17. Qd2 a5 18. a3 Nd5 19. Ne1 Ne3 20. Rf2 Bh4 21. Rf3 Bxf3 22. Bxf3 Rb8 23. Nc2 Rxb3 24. Nxe3 dxe3 25. Qc2 Bf2+ 26. Kf1 Rxd3 27. Be4 Rd2 28. Bxh7+ Kh8 0-1


[Site "https://www.chess.com"]

[Event "Titled Tuesday Blitz August 09 Early 2022"]
[White "Federzoni, Enzo"]
[Black "Aggelis, Nikolaos"]
[WhiteFideId "2173301"]
[BlackFideId "4213220"]
[WhiteElo "1949"]
[BlackElo "2154"]
[Result "1/2-1/2"]
[Round "03"]
[TimeControl "180+1"]
[Date "2022.08.09"]
[WhiteClock "0:00:44"]
[BlackClock "0:00:13"]

1. e4 c5 2. c3 d5 3. exd5 Qxd5 4. d4 Nf6 5. Nf3 cxd4 6. cxd4 g6 7. Nc3 Qd6 8. Bc4 Bg7 9. O-O O-O 10. Ne5 Nc6 11. Bf4 Qxd4 12. Nxc6 Qxf4 13. Nxe7+ Kh8 14. Nxc8 Qxc4 15. Nd6 Qa6 16. Ndb5 Rad8 17. Qb3 Qb6 18. a4 a6 19. a5 Qc5 20. Na3 Qxa5 21. Qxb7 Rb8 22. Qc6 Qb6 23. Qxb6 Rxb6 24. Nc4 Rc6 25. Na5 Rd6 26. Rfd1 Rxd1+ 27. Rxd1 h5 28. Rd6 Rb8 29. b3 Ne8 30. Rc6 Bd4 31. Kf1 Rb6 32. Rxb6 Bxb6 33. Nc4 Bc7 34. b4 Nd6 35. Nxd6 Bxd6 36. b5 axb5 37. Nxb5 Bc5 38. Ke2 Kg7 39. h3 Kf6 40. Nc3 Ke5 41. g3 g5 42. Nd1 f5 43. f3 Kd4 44. Ne3 Ke5 45. Nc4+ Kd4 46. Ne3 Ke5 47. Nc4+ Kd5 48. Ne3+ Bxe3 49. Kxe3 Kc4 50. g4 fxg4 51. fxg4 hxg4 52. hxg4 Kd5 53. Kd3 Ke5 54. Ke3 Kd5 55. Kd3 Ke5 56. Ke3 Kd5 1/2-1/2


[Site "https://www.chess.com"]

[Event "Titled Tuesday Blitz August 09 Early 2022"]
[White "Fernandez Hernandez, Gerardo"]
[Black "Rios Escobar, Adan"]
[WhiteFideId "2207400"]
[BlackFideId "3403645"]
[WhiteElo "2173"]
[BlackElo "2394"]
[Result "0-1"]
[Round "03"]
[TimeControl "180+1"]
[Date "2022.08.09"]
[WhiteClock "0:00:01"]
[BlackClock "0:00:09"]

1. e4 c5 2. d3 d5 3. Nd2 Nc6 4. Ngf3 Bg4 5. h3 Bh5 6. g4 Bg6 7. Bg2 e6 8. O-O Be7 9. Qe2 h5 10. b3 hxg4 11. hxg4 Nf6 12. Nh2 Nd4 13. Qd1 Qc7 14. f4 O-O-O 15. c3 Nc6 16. e5 Nxe5 17. fxe5 Rxh2 18. Kxh2 Qxe5+ 19. Kg1 Qxc3 20. Ba3 Bxd3 21. Rc1 Qd4+ 22. Rf2 Nxg4 23. Qxg4 Qxg4 24. Bxc5 Bxc5 25. Rxc5+ Kb8 26. Nf3 Be4 27. Rc1 Rh8 28. Nh2 Qg5 29. Re1 Rxh2 30. Kxh2 Bxg2 31. Rg1 Qh4+ 32. Kxg2 f5 33. Kf1 g5 34. Re2 Qh3+ 35. Ke1 f4 36. Rgg2 f3 37. Rh2 Qg3+ 38. Ref2 e5 39. Rh8+ Kc7 40. Rh7+ Kd6 41. Rh6+ Kc5 42. Rf6 e4 43. Kf1 Qh3+ 44. Kg1 Kd4 45. Rf8 Ke3 46. Rc8 Qg3+ 47. Kh1 Qxf2 0-1


[Site "https://www.chess.com"]

[Event "Titled Tuesday Blitz August 09 Early 2022"]
[White "Fernandez Siles, Luis"]
[Black "Uskov, Artem"]
[WhiteFideId "2209420"]
[BlackFideId "34254854"]
[WhiteElo "2211"]
[BlackElo "2335"]
[Result "0-1"]
[Round "03"]
[TimeControl "180+1"]
[Date "2022.08.09"]
[WhiteClock "0:00:41"]
[BlackClock "0:00:29"]

1. e4 Nf6 2. Nc3 d5 3. e5 Nfd7 4. e6 fxe6 5. d4 c5 6. Bd3 g6 7. f4 cxd4 8. Nce2 Nc6 9. Nf3 e5 10. fxe5 Ndxe5 11. Nexd4 Bg7 12. O-O Qb6 13. c3 Nxd3 14. Qxd3 e5 15. Kh1 O-O 16. Nxc6 bxc6 17. Qe3 e4 18. Qxb6 axb6 19. Nd2 Ba6 20. Re1 Rf2 21. Nb3 Raf8 22. Be3 Rxb2 23. Bxb6 Bc4 24. Nd4 Rxa2 25. Rxa2 Bxa2 26. Nxc6 Bxc3 27. Ne7+ Kf7 28. Rf1+ Ke8 29. Rxf8+ Kxf8 30. Nxd5 Bxd5 0-1


[Site "https://www.chess.com"]

[Event "Titled Tuesday Blitz August 09 Early 2022"]
[White "Ferreira, Vitor Hugo Vieira"]
[Black "Shapiro, Daniel"]
[WhiteFideId "2119765"]
[BlackFideId "2001780"]
[WhiteElo "2168"]
[BlackElo "2242"]
[Result "1-0"]
[Round "03"]
[TimeControl "180+1"]
[Date "2022.08.09"]
[WhiteClock "0:00:23"]
[BlackClock "0:00:01"]

1. d4 Nf6 2. c4 e6 3. Nf3 d5 4. Nc3 Be7 5. Bf4 a6 6. e3 O-O 7. Bd3 dxc4 8. Bxc4 b5 9. Bb3 Bb7 10. O-O c5 11. dxc5 Nbd7 12. Bd6 Nxc5 13. Bxe7 Qxe7 14. Bc2 Nce4 15. Nxe4 Bxe4 16. Bxe4 Nxe4 17. Qd4 Nf6 18. Rac1 Rfd8 19. Qc5 Qxc5 20. Rxc5 Ra7 21. Rfc1 h6 22. g3 Ne4 23. Rc7 Rd7 24. Rxa7 Rxa7 25. Ne5 f6 26. Ng6 Kf7 27. Nf4 g5 28. Ne2 Rd7 29. Nd4 h5 30. f3 Nd2 31. Kf2 Nc4 32. b3 Ne5 33. Rc8 Nd3+ 34. Ke2 Nb4 35. a3 Nd5 36. Rc6 e5 37. Nf5 Rc7 38. Rxa6 Rc2+ 39. Kd3 Rb2 40. b4 Rxh2 41. Nd6+ Kg6 42. Nxb5 h4 43. gxh4 gxh4 44. Ke4 Nc3+ 45. Nxc3 h3 46. Nd5 Rg2 47. Rxf6+ Kg7 48. Rf5 Kg6 49. Ne7+ Kh6 50. Rf8 Kg7 51. Rg8+ Kh7 52. Rc8 h2 53. Nf5 h1=Q 54. Rc7+ Kg8 55. Ne7+ Kf7 56. Nd5+ Ke8 57. Re7+ Kd8 58. Kxe5 Qh2+ 59. Ke6 Qh6+ 60. Nf6 Rg6 61. Re8+ Kc7 62. Re7+ Kb6 63. Rf7 Qxe3+ 64. Kf5 Rg3 65. f4 1-0


[Site "https://www.chess.com"]

[Event "Titled Tuesday Blitz August 09 Early 2022"]
[White "Filippova, Margarita"]
[Black "Senlle Caride, Miguel"]
[WhiteFideId "34199680"]
[BlackFideId "2282500"]
[WhiteElo "1734"]
[BlackElo "2339"]
[Result "1-0"]
[Round "03"]
[TimeControl "180+1"]
[Date "2022.08.09"]
[WhiteClock "0:01:38"]
[BlackClock "0:00:37"]

1. Nf3 c5 2. c4 g6 3. d4 Bg7 4. e4 cxd4 5. Nxd4 d6 6. Be3 Nf6 7. Nc3 O-O 8. Be2 Nc6 9. O-O Nxd4 10. Bxd4 Be6 11. f4 Bd7 12. Bf3 Bc6 13. Re1 Nd7 14. Bxg7 Kxg7 15. Nd5 Bxd5 16. exd5 Nc5 17. Qd4+ f6 18. b4 Nd7 19. c5 dxc5 20. bxc5 Rc8 21. Rac1 Nb8 22. Re6 Qd7 23. Bg4 Qc7 24. Rce1 Rf7 25. d6 Nc6 26. Qd2 f5 27. dxc7 1-0


[Site "https://www.chess.com"]

[Event "Titled Tuesday Blitz August 09 Early 2022"]
[White "Fiorito, Joaquin"]
[Black "Ternault, Mathieu"]
[WhiteFideId "180173"]
[BlackFideId "20641532"]
[WhiteElo "1758"]
[BlackElo "2249"]
[Result "0-1"]
[Round "03"]
[TimeControl "180+1"]
[Date "2022.08.09"]
[WhiteClock "0:00:17"]
[BlackClock "0:00:12"]

1. e4 c6 2. d4 d5 3. e5 a6 4. Be3 Nh6 5. Bd3 Bf5 6. Bxh6 Bxd3 7. Qxd3 gxh6 8. e6 fxe6 9. Nf3 Nd7 10. O-O Nf6 11. Re1 Qd6 12. Nbd2 O-O-O 13. Ne5 Rg8 14. Nf7 Qf4 15. Nxd8 Kxd8 16. g3 Qh4 17. Kh1 Ng4 18. Nf3 Nxf2+ 19. Kg2 Nxd3 20. Nxh4 Nxe1+ 21. Rxe1 Kd7 22. c3 Bg7 23. Nf3 Bf6 24. Kf2 b6 25. b4 a5 26. bxa5 bxa5 27. Rb1 Kc7 28. Re1 Kd6 29. Rb1 e5 30. Rb6 exd4 31. cxd4 Ra8 32. Rb3 a4 33. Rb4 e5 34. dxe5+ Bxe5 35. Rh4 Bg7 36. Rg4 Bf6 37. Rf4 Ke6 38. Rb4 Be7 39. Nd4+ Kd6 40. Rb7 Rf8+ 41. Kg2 c5 42. Ne2 Bg5 43. h4 Be3 44. Rxh7 Rf2+ 45. Kh3 Rxe2 46. Rg7 Rxa2 47. Rg6+ Ke5 48. Rc6 c4 49. g4 Ra3 50. Kg2 Bf4 51. Rc8 Rg3+ 52. Kf2 Rxg4 53. Re8+ Kd4 54. Kf3 Rxh4 55. Ra8 Bd6 56. Rxa4 Rh3+ 57. Kg4 Rg3+ 58. Kh4 Rg5 59. Ra1 c3 60. Rd1+ Kc4 61. Rc1 d4 62. Rh1 d3 63. Ra1 d2 64. Ra4+ Kd3 65. Ra6 Rd5 0-1


[Site "https://www.chess.com"]

[Event "Titled Tuesday Blitz August 09 Early 2022"]
[White "Gabdrakhmanov, Azat"]
[Black "Maiorov, Nikita"]
[WhiteFideId "34189197"]
[BlackFideId "13501720"]
[WhiteElo "2293"]
[BlackElo "2409"]
[Result "1-0"]
[Round "03"]
[TimeControl "180+1"]
[Date "2022.08.09"]
[WhiteClock "0:00:17"]
[BlackClock "0:00:18"]

1. e4 g6 2. d4 Bg7 3. Nc3 d6 4. f4 Nf6 5. Nf3 O-O 6. Bd3 Na6 7. e5 Nd7 8. Ne2 c5 9. c3 cxd4 10. cxd4 Nb6 11. O-O Nb4 12. Be4 N4d5 13. a4 a5 14. Nc3 Nxc3 15. bxc3 Qc7 16. Bd2 Be6 17. Kh1 Bd5 18. Bxd5 Nxd5 19. Qb3 Nb6 20. Rab1 Ra6 21. e6 f5 22. Be1 Rb8 23. Bh4 Bf8 24. Nd2 d5 25. g4 fxg4 26. f5 Qc6 27. Qd1 Nc4 28. Nxc4 dxc4+ 29. d5 Qc5 30. fxg6 hxg6 31. Bf2 Qc8 32. Qxg4 Qe8 33. Bd4 Rd8 34. Rf7 Qxf7 35. exf7+ Kxf7 36. Rf1+ Ke8 37. Qe4 Rad6 38. Rb1 Rxd5 39. Qxg6+ Kd7 40. Rxb7+ 1-0


[Site "https://www.chess.com"]

[Event "Titled Tuesday Blitz August 09 Early 2022"]
[White "Garcia, Erick"]
[Black "Zhukov, Maksim"]
[WhiteFideId "2058880"]
[BlackFideId "34181790"]
[WhiteElo "2202"]
[BlackElo "1978"]
[Result "1-0"]
[Round "03"]
[TimeControl "180+1"]
[Date "2022.08.09"]
[WhiteClock "0:01:28"]
[BlackClock "0:00:14"]

1. d4 d5 2. c4 e6 3. Nf3 c6 4. e3 Nf6 5. Bd3 Nbd7 6. Nbd2 Bd6 7. b3 O-O 8. Bb2 Re8 9. O-O dxc4 10. Nxc4 Bc7 11. e4 b5 12. Ne3 Bb7 13. e5 Nd5 14. Nxd5 exd5 15. Qc2 h6 16. g3 a6 17. Nh4 Rc8 18. Nf5 c5 19. Qe2 cxd4 20. f4 Nc5 21. Qg4 Ne6 22. Nxh6+ Kf8 23. f5 Ng5 24. f6 gxh6 25. h4 Rxe5 26. Bxd4 Bb6 27. hxg5 Rf5 28. Rxf5 1-0


[Site "https://www.chess.com"]

[Event "Titled Tuesday Blitz August 09 Early 2022"]
[White "Gardezi, Arsal"]
[Black "D`Arruda, Ricardo D."]
[WhiteFideId "30949521"]
[BlackFideId "100692"]
[WhiteElo "1781"]
[BlackElo "2463"]
[Result "0-1"]
[Round "03"]
[TimeControl "180+1"]
[Date "2022.08.09"]
[WhiteClock "0:00:01"]
[BlackClock "0:00:04"]

1. Nf3 d5 2. g3 Nf6 3. Bg2 g6 4. d4 Bg7 5. O-O O-O 6. c4 c6 7. Nc3 Ne4 8. Ne5 Nd7 9. Nxd7 Nxc3 10. bxc3 Qxd7 11. cxd5 cxd5 12. Rb1 b6 13. a4 Ba6 14. Re1 Rac8 15. Bd2 Bc4 16. e4 Bd3 17. Rb4 Bxe4 18. Bxe4 dxe4 19. Rxe4 e6 20. Rb3 Qxa4 21. Qb1 Rc4 22. Qb2 Rfc8 23. Ra3 Qd7 24. Qa2 a5 25. Qb2 R8c6 26. Rb3 Qd8 27. Re1 a4 28. Rb4 Bf8 29. Rxc4 Rxc4 30. Qb5 Qc7 31. Ra1 a3 32. Bf4 Qc6 33. Qxc6 Rxc6 34. Bd2 Rc4 35. Kf1 Bd6 36. Ke2 Kf8 37. Kd3 b5 38. Ra2 Ke7 39. Bc1 Ra4 40. Kc2 Kd7 41. Kb3 Kc6 42. Bxa3 Bc7 43. Re2 Kd5 44. Re1 Bb6 45. Re5+ Kc6 46. Bb4 Bc7 47. Re1 Kd5 48. Kb2 Bb8 49. Kb3 f6 50. Kb2 f5 51. Kb3 g5 52. f3 h5 53. Rg1 g4 54. f4 Bd6 55. Re1 Bxb4 56. cxb4 Kxd4 57. Rxe6 Ra1 58. Re2 Rb1+ 59. Kc2 Rxb4 60. Rd2+ Ke3 61. Rd8 Ra4 62. Kb3 Ra1 0-1


[Site "https://www.chess.com"]

[Event "Titled Tuesday Blitz August 09 Early 2022"]
[White "Gareyev, Timur"]
[Black "Zemlyanskii, Ivan"]
[WhiteFideId "14200937"]
[BlackFideId "24249971"]
[WhiteElo "2865"]
[BlackElo "2674"]
[Result "1-0"]
[Round "03"]
[TimeControl "180+1"]
[Date "2022.08.09"]
[WhiteClock "0:01:04"]
[BlackClock "0:01:21"]

1. d4 Nf6 2. c4 e6 3. Nc3 Bb4 4. Qc2 c5 5. dxc5 O-O 6. a3 Bxc5 7. Nf3 Nc6 8. Bf4 d5 9. e3 Qe7 10. Bg5 Rd8 11. O-O-O dxc4 12. Bxc4 h6 13. Bxf6 Qxf6 14. Ne4 Qe7 15. Rxd8+ Nxd8 16. Rd1 Nc6 17. Kb1 e5 18. Nxc5 Bg4 19. h3 Bh5 20. Rd7 Qe8 21. Qf5 Bg6 22. Qxg6 1-0


[Site "https://www.chess.com"]

[Event "Titled Tuesday Blitz August 09 Early 2022"]
[White "Garrido, Denis"]
[Black "Luo, Terry"]
[WhiteFideId "601217"]
[BlackFideId "30931045"]
[WhiteElo "2318"]
[BlackElo "2024"]
[Result "1-0"]
[Round "03"]
[TimeControl "180+1"]
[Date "2022.08.09"]
[WhiteClock "0:01:24"]
[BlackClock "0:01:25"]

1. e4 e5 2. Nf3 Nc6 3. Bb5 Nf6 4. O-O Nxe4 5. Re1 Nd6 6. Nxe5 Nxe5 7. Rxe5+ Be7 8. Bf1 O-O 9. Nc3 Bf6 10. Re1 c6 11. d4 Nf5 12. Ne2 d5 13. c3 g6 14. Bf4 Ng7 15. Ng3 Bd7 16. Bd3 Re8 17. Qf3 Ne6 18. Be5 Bxe5 19. dxe5 Qg5 20. Bc2 d4 21. Ne4 Qe7 22. Nf6+ Kg7 23. Re4 Ng5 24. Nxe8+ Rxe8 25. Qf6+ Qxf6 26. exf6+ Kxf6 27. Rxd4 Be6 28. Re1 h5 29. h4 Nh7 30. Rf4+ Kg7 31. Bb3 Nf8 32. Rfe4 Rd8 33. Bxe6 Nxe6 34. Ra4 a6 35. Re2 Kf6 36. g3 Rd1+ 37. Kg2 Rd5 38. Rb4 b5 39. Rbe4 a5 40. a4 Nc5 41. Rf4+ Kg7 42. axb5 cxb5 43. Re7 Rf5 44. Rxf5 gxf5 45. Re5 Nd3 1-0


[Site "https://www.chess.com"]

[Event "Titled Tuesday Blitz August 09 Early 2022"]
[White "Garriga Cazorla, Pere"]
[Black "Seemann, Jakub"]
[WhiteFideId "32011601"]
[BlackFideId "21874697"]
[WhiteElo "2808"]
[BlackElo "2642"]
[Result "1-0"]
[Round "03"]
[TimeControl "180+1"]
[Date "2022.08.09"]
[WhiteClock "0:01:47"]
[BlackClock "0:00:06"]

1. d4 Nf6 2. c4 g6 3. Nc3 Bg7 4. e4 d6 5. h3 O-O 6. Be3 c5 7. Nf3 Qa5 8. Bd3 Nc6 9. d5 Nb4 10. Bb1 b5 11. a3 bxc4 12. O-O Nd3 13. Bxd3 cxd3 14. Re1 Ba6 15. e5 dxe5 16. Nxe5 Nxd5 17. Nxd5 Bxe5 18. Bd2 Qd8 19. Rxe5 f6 20. Nxe7+ Kf7 21. Re1 Re8 22. Qb3+ c4 23. Qa4 Qb6 24. Nd5 Qd6 25. Nc7 Qxc7 26. Qxa6 Rab8 27. Bc3 Red8 28. Qxf6+ 1-0


[Site "https://www.chess.com"]

[Event "Titled Tuesday Blitz August 09 Early 2022"]
[White "Ginzburg, Yakov"]
[Black "Shimanov, Aleksandr"]
[WhiteFideId "4157176"]
[BlackFideId "4198603"]
[WhiteElo "2265"]
[BlackElo "2605"]
[Result "1-0"]
[Round "03"]
[TimeControl "180+1"]
[Date "2022.08.09"]
[WhiteClock "0:00:06"]
[BlackClock "0:00:01"]

1. e4 c6 2. d4 d5 3. Nc3 dxe4 4. Nxe4 Bf5 5. Ng3 Bg6 6. h4 h6 7. Nf3 Nd7 8. h5 Bh7 9. Bd3 Bxd3 10. Qxd3 e6 11. Bf4 Qa5+ 12. Bd2 Bb4 13. c3 Be7 14. c4 Qc7 15. O-O-O Ngf6 16. Ne4 O-O 17. g4 Nxg4 18. Rhg1 f5 19. Nc3 Bf6 20. Qe2 Rae8 21. Kb1 Kh8 22. Rg2 e5 23. d5 e4 24. Ng1 Nde5 25. f3 exf3 26. Nxf3 Qf7 27. Nd4 Qxh5 28. Ne6 Rxe6 29. dxe6 Re8 30. Bf4 Rxe6 31. Rd7 Qe8 32. Rxb7 Kh7 33. Qc2 Qh5 34. Nd1 Ng6 35. Bc1 Re3 36. Nxe3 Nxe3 37. Bxe3 Qh1+ 38. Bc1 Nh4 39. Re2 Qf3 40. Re3 Qg4 41. Rxa7 Ng6 42. Rd3 h5 43. a3 h4 44. Rd6 Be5 45. Rdd7 h3 46. Qd1 Qe4+ 47. Ka1 Qg4 48. Qe1 h2 49. Re7 Qg3 50. Rxg7+ Kh8 51. Qxg3 Bxg3 52. Rh7+ Kg8 53. Rag7+ Kf8 54. Rxg6 f4 55. Rg4 c5 56. Bxf4 Bh4 57. Rhxh4 1-0


[Site "https://www.chess.com"]

[Event "Titled Tuesday Blitz August 09 Early 2022"]
[White "Goldin, Roman"]
[Black "Kiseljova, Marya"]
[WhiteFideId "2803860"]
[BlackFideId "4155009"]
[WhiteElo "2312"]
[BlackElo "1697"]
[Result "1-0"]
[Round "03"]
[TimeControl "180+1"]
[Date "2022.08.09"]
[WhiteClock "0:00:27"]
[BlackClock "0:00:02"]

1. e4 c5 2. Nf3 Nc6 3. c3 Nf6 4. e5 Nd5 5. g3 d6 6. exd6 Qxd6 7. Bg2 Bg4 8. O-O h5 9. h3 Bf5 10. d4 O-O-O 11. dxc5 Qxc5 12. Qe2 e6 13. b4 Nxc3 14. Nxc3 Qxc3 15. b5 Bd3 16. Qe3 Bc5 17. bxc6 Bxe3 18. cxb7+ Kb8 19. Bxe3 Bxf1 20. Rxf1 e5 21. Nxe5 Qxe5 22. Bf4 Qxf4 23. gxf4 Rd4 24. Re1 Rxf4 25. Re7 Rxf2 26. Kxf2 Rf8 27. Ke3 g6 28. Kf4 f6 29. Bd5 Rd8 30. Ke4 g5 31. Rh7 h4 32. Rf7 Re8+ 33. Kd4 Rd8 34. Rxf6 Kc7 35. Rg6 1-0


[Site "https://www.chess.com"]